 Dungeon Crawl Stone Soup version 0.16-a0-2072-gc0ac6de (webtiles) character file.

215 RobertPalmer the Poker (level 5, 0/38 HPs)
             Began as a Vampire Gladiator on Nov 12, 2014.
             Succumbed to a scorpion's poison
             ... on level 4 of the Dungeon.
             The game lasted 00:05:15 (2861 turns).

RobertPalmer the Poker (Vampire Gladiator)          Turns: 2861, Time: 00:05:15

Health: 0/38       AC:  6    Str: 14    XL:     5   Next: 60%
Magic:  5/5        EV: 11    Int: 11    God:
Gold:   124        SH:  4    Dex: 17    Spells: 0 memorised, 4 levels left

rFire  . . .     SeeInvis +     a - +0 trident
rCold  . . .     Clarity  .     b - +0 leather armour
rNeg   + . .     SustAb   .     s - +0 buckler
rPois  .         Gourm    .     c - +0 helmet
rElec  .         Spirit   .     r - +0 cloak
rCorr  .         Warding  .     o - +0 pair of gloves
rMut   .         Stasis   .     (no boots)
MR     .....                    (no amulet)
Stlth  +.........               l - +3 ring of dexterity
                                h - ring of flight

@: lethally poisoned, not resistant to hostile enchantments, very unstealthy
A: fangs 3, see invisible, unbreathing
a: Bat Form, Evoke Flight


You were on level 4 of the Dungeon.
You were not thirsty.

You visited 1 branch of the dungeon, and saw 4 of its levels.

You collected 124 gold pieces.


Innate Abilities, Weirdness & Mutations

You have razor-sharp teeth.
You have supernaturally acute eyesight.
You can survive without breathing.


   Skills:
 - Level 1.7 Fighting
 + Level 5.8 Polearms
 - Level 1.5 Throwing
 - Level 3.2 Dodging


You had 4 spell levels left.
You didn't know any spells.

Inventory:

Hand weapons
 a - a +0 trident (weapon)
Missiles
 d - a throwing net (quivered)
Armour
 b - a +0 leather armour (worn)
 c - a +0 helmet (worn)
 o - a +0 pair of gloves (worn)
 r - a +0 cloak (worn)
 s - a +0 buckler (worn)
Jewellery
 h - a ring of flight (left hand)
 l - a +3 ring of dexterity (right hand)
Magical devices
 x - a wand of magic darts (23)
Scrolls
 e - a scroll of enchant weapon {unknown}
 f - a scroll of amnesia {unknown}
 k - a scroll of noise {unknown}
 m - 2 scrolls of teleportation
 p - 2 scrolls of identify
 v - a scroll of fear {unknown}
Potions
 g - a potion of heal wounds {unknown}
 i - 2 potions of resistance {unknown}
 j - 2 potions of brilliance
 n - a potion of might
 q - a potion of poison {unknown}
 u - a potion of degeneration {unknown}
 w - a potion of lignification {unknown}
 z - a potion of magic {unknown}

Dungeon Overview and Level Annotations

Branches:
Dungeon (4/15)
 Temple: D:4-7

Altars:
Cheibriados
Gozag

### ####.....
.#.......
....... #..
#.....#
#...#.....
#...#....#
#......s.#
#......@.#
#........#
###......#
####...##
##...#####
#....#..###
##.........#
##.......####
#.........#


You could see a scorpion.


Message History

The scorpion stings you.
You are poisoned.
The scorpion poisons you!
You hit the scorpion.
The scorpion is heavily wounded.
You feel sick. The scorpion stings you.
* * * LOW HITPOINT WARNING * * *
You are more poisoned.
The scorpion poisons you!
You closely miss the scorpion.
The scorpion is heavily wounded.
You feel sick. The scorpion stings you.
* * * LOW HITPOINT WARNING * * *
You barely miss the scorpion.
You bite the scorpion, but do no damage.
The scorpion is heavily wounded.
You feel sick. The scorpion stings you.
* * * LOW HITPOINT WARNING * * *
You barely miss the scorpion.
The scorpion is heavily wounded.
* * * LOW HITPOINT WARNING * * *
You feel sick. The scorpion stings you!
* * * LOW HITPOINT WARNING * * *
You are more poisoned.
The scorpion poisons you!
Drink which item? (? for menu, Esc to quit)
Okay, then.
You hit the scorpion.
The scorpion is severely wounded.
You die...

Action                   |  1- 3 |  4- 6 || total
-------------------------+-------+-------++-------
Melee: Trident           |   132 |    74 ||   206
Throw: Throwing net      |       |     2 ||     2
Evoke: Wand              |       |     2 ||     2
  Use: Scroll            |       |     6 ||     6
       Potion            |       |     4 ||     4
 Stab: Held in net/web   |       |     1 ||     1
  Eat: Corpse            |     4 |     4 ||     8

Vault maps used:
D:1:      scummos_arrival_hexagon, serial_park_tiny_2
D:2:      nicolae_overflow_crystal_walls, lemuel_crystal_altar,
          serial_co_window_serial, co_window_paths_a, co_window_paths_a,
          co_window_corner_a, co_window_paths_a, co_window_corner_a,
          co_window_paths_a, co_window_paths_b, co_window_corner_cb,
          co_window_broadway_b, co_window_unsneaky_path_e, co_window_broadway_b,
          glass_columns_a, glass_columns_a, glass_columns_c,
          uniq_crazy_yiuf_cottage
D:3:      uniq_iyjb, uniq_sigmund
D:4:      minivault_14, minmay_quantized

Notes
Turn   | Place    | Note
--------------------------------------------------------------
     0 | D:1      | RobertPalmer, the Vampire Gladiator, began the quest for the Orb.
     0 | D:1      | Reached XP level 1. HP: 16/16 MP: 1/1
    30 | D:1      | Reached skill level 3 in Polearms
   246 | D:1      | Reached XP level 2. HP: 20/22 MP: 2/2
   532 | D:1      | Reached XP level 3. HP: 22/27 MP: 3/3
   763 | D:2      | Reached skill level 4 in Polearms
  1226 | D:2      | Found an opulent altar of Gozag.
  1375 | D:2      | Found a snail-covered altar of Cheibriados.
  1553 | D:2      | Reached XP level 4. HP: 33/33 MP: 4/4
  1619 | D:2      | Noticed Crazy Yiuf
  1627 | D:2      | Killed Crazy Yiuf
  1722 | D:3      | Noticed Sigmund
  1735 | D:3      | Killed Sigmund
  1735 | D:3      | Reached skill level 5 in Polearms
  1735 | D:3      | Reached XP level 5. HP: 16/38 MP: 5/5
  2521 | D:3      | Noticed Ijyb
  2541 | D:3      | Killed Ijyb
  2860 | D:4      | HP: 2/38 [scorpion (7)]
  2861 | D:4      | Succumbed to a scorpion's poison

Vanquished Creatures
  Sigmund (D:3)
  Crazy Yiuf (D:2)
  Ijyb (D:3)
  3 adders
  2 worms (D:2)
  2 giant geckos
  2 oozes (D:1)
  A ball python (D:1)
  A giant cockroach (D:2)
  6 hobgoblins
  2 jackals (D:1)
  11 bats
  4 giant newts (D:1)
  7 goblins
  12 kobolds
  5 rats
61 creatures vanquished.
